 Dungeon Crawl Stone Soup version 0.20.0-15-g7f486f2 (webtiles) character file.

270 buf2 the Skirmisher (level 6, 0/49 HPs)
             Began as a Human Wanderer on June 12, 2017.
             Slain by an ogre
             ... wielding a +0 giant spiked club
              (16 damage)
             ... on level 4 of the Dungeon on June 15, 2017.
             The game lasted 00:36:13 (3023 turns).

buf2 the Skirmisher (Human Wanderer)                Turns: 3023, Time: 00:36:14

Health: 0/49       AC:  6    Str: 14    XL:     6   Next: 47%
Magic:  6/6        EV: 11    Int: 12    God:
Gold:   184        SH:  0    Dex: 13    Spells: 5/5 levels left

rFire    . . .     SeeInvis .   a - +3 mace
rCold    . . .     Gourm    .   (no shield)
rNeg     . . .     Faith    +   o - +1 ring mail
rPois    .         Spirit   .   (no helmet)
rElec    .         Reflect  .   (no cloak)
rCorr    .         Harm     .   (no gloves)
MR       .....                  (no boots)
Stlth    +.........             j - amulet of faith
Regen    0.2/turn               (no ring)
MPRegen  0.1/turn               (no ring)

@: no status effects
A: no striking features
a: no special abilities


You were on level 4 of the Dungeon.
You were not hungry.

You visited 1 branch of the dungeon, and saw 4 of its levels.

You collected 184 gold pieces.

Inventory:

Hand Weapons
 a - a +3 mace (weapon)
 b - a +0 hunting sling
 f - a +0 dagger
 p - a cursed +0 dagger
 v - a +0 short sword
Missiles
 m - 26 sling bullets (quivered)
 q - 15 tomahawks
 r - 18 arrows
 u - 6 javelins of returning
 y - 113 stones
Armour
 d - a +0 robe
 h - a +0 scale mail
 o - a +1 ring mail (worn)
 t - a +0 pair of gloves
Jewellery
 j - an amulet of faith (around neck)
Wands
 w - a wand of acid (5/15)
Scrolls
 c - a scroll of immolation
 e - a scroll of amnesia
 i - a scroll of remove curse
 k - a scroll of enchant weapon
 n - a scroll of recharging
 s - 3 scrolls of enchant armour
 A - a scroll of fog
Potions
 g - a potion of curing
 z - 2 potions of heal wounds
Comestibles
 l - a meat ration
 x - 2 bread rations


   Skills:
 + Level 4.4 Fighting
 + Level 4.2 Maces & Flails
 + Level 1.0 Throwing
 + Level 2.3 Armour
 + Level 1.6 Dodging
 + Level 1.4 Stealth
   Level 1.0 Shields
 + Level 1.0 Unarmed Combat


You had 5 spell levels left.
You didn't know any spells.

Dungeon Overview and Level Annotations

Branches:
Dungeon (4/15)
 Temple: D:4-7

Altars:
Elyvilon


Message History

You toss away a sling bullet.
The sling bullet hits the phantom but does no damage.
An iguana comes into view.
The iguana hisses angrily.
An adder comes into view.
The adder moves out of view.
You hit the phantom but do no damage.
The phantom blinks!
You thump the ogre!
The ogre is moderately wounded.
The ogre hits you with a giant spiked club!!
You sock the ogre!
The ogre is heavily wounded.
The ogre hits you with a giant spiked club!
You closely miss the ogre.
The ogre is heavily wounded.
The ogre closely misses you.
You barely miss the ogre.
The ogre is heavily wounded.
The ogre hits you with a giant spiked club!
You die...

#l.....[............
#..................
#..(...............
#.................
#.................
##................
#lW...............
##O#...............
+.@#...............
#####..............
#..............#
#....##..........#
#...#######......##
..## ###...### ##
###.# # #.# # #..


You could see a phantom, an ogre and an iguana.

Vanquished Creatures
  The ghost of omelched the Covered, an amateur GrFi (D:3)
  An orc wizard (D:4)
  A centaur skeleton (D:4)
  An iguana (D:4)
  3 adders
  An ooze (D:2)
  2 worms
  3 dart slugs
  A leopard gecko (D:2)
  3 orcs
  3 giant cockroaches (D:3)
  14 goblins
  7 hobgoblins
  4 jackals (D:3)
  5 bats
  7 frilled lizards
  8 kobolds
  6 rats
71 creatures vanquished.

Vanquished Creatures (others)
  A plant (D:3)
1 creature vanquished.

Grand Total: 72 creatures vanquished

Notes
Turn   | Place    | Note
-------+----------+-------------------------------------------
     0 | D:1      | buf2 the Human Wanderer began the quest for the Orb.
     0 | D:1      | buf2 set off with: a +2 mace, a scroll of teleportation, a potion of lignification, a +0 robe, a bread ration
     0 | D:1      | Reached XP level 1. HP: 18/18 MP: 1/1
   542 | D:1      | Reached XP level 2. HP: 24/24 MP: 2/2
  1160 | D:2      | Reached XP level 3. HP: 29/30 MP: 3/3
  1481 | D:2      | Reached XP level 4. HP: 24/37 MP: 4/4
  1844 | D:3      | Found a white marble altar of Elyvilon.
  1989 | D:3      | Noticed omelched's ghost (amateur GrFi)
  2010 | D:3      | HP: 1/37 [omelched's ghost (9)]
  2376 | D:3      | Reached XP level 5. HP: 28/42 MP: 5/5
  2751 | D:3      | Killed omelched's ghost
  2751 | D:3      | Reached skill level 1 in Dodging
  2929 | D:4      | Reached XP level 6. HP: 37/48 MP: 6/6
  3009 | D:4      | Noticed an ogre
  3009 | D:4      | Noticed a phantom
  3023 | D:4      | Slain by an ogre

Skill      XL: |  1  2  3  4  5  6 |
---------------+-------------------+-----
Fighting       | 4 |  4.4
Maces & Flails | 3 4 |  4.2
Armour         | 2 |  2.3
Dodging        | 1 |  1.6
Throwing       | |  1.0
Stealth        | |  1.4
Shields        | |  1.0
Unarmed Combat | |  1.0

Action                   |  1- 3 |  4- 6 || total
-------------------------+-------+-------++-------
Melee: Mace              |    79 |   173 ||   252
       Punch             |       |     3 ||     3
Throw: Stone             |     8 |     7 ||    15
Evoke: Wand              |       |     1 ||     1
  Use: Scroll            |     3 |     9 ||    12
       Potion            |     1 |     4 ||     5
 Stab: Sleeping          |       |     1 ||     1
  Eat: Chunk             |     1 |       ||     1
       Bread ration      |     1 |       ||     1
       Royal jelly       |       |     1 ||     1
Armor: Robe              |     6 |       ||     6
       Ring mail         |    32 |    78 ||   110
       Skin              |       |    15 ||    15
Dodge: Dodged            |    60 |   112 ||   172
